 Dungeon Crawl Stone Soup version 0.26.1-11-gd32895ea62 (webtiles) character file.

Game seed: 18312987056745057559

145 Zeld the Twirler (level 5, -10/34 HPs)
             Began as an Octopode Gladiator on May 22, 2021.
             Mangled by an ogre
             ... wielding the +8 dire flail of Action {protect, rC+ Str+4 SInv}
              (20 damage)
             ... on level 3 of the Dungeon.
             The game lasted 00:02:24 (3503 turns).

Zeld the Twirler (Octopode Gladiator)               Turns: 3503, Time: 00:02:24

Health: -10/34     AC:  1    Str: 14    XL:     5   Next: 27%
Magic:  5/5        EV: 14    Int: 10    God:
Gold:   317        SH:  0    Dex: 14    Spells: 4/4 levels left

rFire    . . .     SeeInvis .   a - +0 quarterstaff
rCold    . . .     Faith    .   (shield currently unavailable)
rNeg     . . .     Spirit   .   b - +0 hat
rPois    .         Reflect  .   (no amulet)
rElec    .         Harm     .   (no ring)
rCorr    .         Rampage  .   (no ring)
Will     .....                  (no ring)
Stlth    ++........             (no ring)
HPRegen  0.11/turn              (no ring)
MPRegen  0.09/turn              (no ring)
                                (no ring)
                                (no ring)

@: no status effects
A: almost no armour, stealthy swim, amphibious, 8 rings, constrict 8, camouflage
1, gelatinous body 1
a: no special abilities


You were on level 3 of the Dungeon.
You visited 1 branch of the dungeon, and saw 4 of its levels.

You collected 317 gold pieces.

Inventory:

Hand Weapons
 a - a +0 quarterstaff (weapon)
Missiles
 c - 3 throwing nets (quivered)
 e - 11 poisoned darts
Armour
 b - a +0 hat (worn)
Jewellery
 g - an uncursed amulet of the acrobat {unknown}
Scrolls
 d - a scroll of blinking {unknown}
 f - 3 scrolls of remove curse {unknown}
 h - 7 scrolls of identify {unknown}
 l - a scroll of fear {unknown}
 n - a scroll of random uselessness {unknown}
 p - 2 scrolls of fog {unknown}
 q - 4 scrolls of teleportation {unknown}
 r - a scroll of magic mapping {unknown}
 s - a scroll of enchant armour {unknown}
 t - a scroll of amnesia {unknown}
 v - a scroll of enchant weapon {unknown}
Potions
 i - a potion of magic {unknown}
 j - a potion of invisibility {unknown}
 k - 2 potions of lignification {unknown}
 m - 7 potions of haste {unknown}
 o - 3 potions of curing {unknown}
 u - a potion of might {unknown}


   Skills:
 - Level 2.0 Fighting
 * Level 5.8 Staves
 - Level 2.0 Throwing
 - Level 3.0 Dodging


You had 4 spell levels left.
You didn't know any spells.
Your spell library was empty.

Dungeon Overview and Level Annotations

Branches:
Dungeon (4/15)
 Temple: D:4-7

Altars:
Qazlal
Zin

Annotations:
D:3 MummyDearest's ghost, amateur HOBe
D:4 1 runed translucent door, Edmund


Innate Abilities, Weirdness & Mutations

You cannot wear most types of armour.
You are very stealthy in the water. (Stealth+)
You are amphibious.
You can wear up to eight rings at the same time.
You can use your tentacles to constrict eight enemies at once.
Your skin changes colour to match your surroundings (Stealth+).
Your rubbery body absorbs attacks. (AC +1, EV +1)


Message History

You start resting.
HP restored.
Found a scroll labelled LOSOIKHL DUSE.
The ogre shouts!
You hear a shout!
MummyDearest's ghost turns its malevolent gaze towards you.
There is a transporter here.
You enter the transporter and appear at another place.
Found a leather armour.
MummyDearest's ghost misses you.
MummyDearest's ghost says, "Try not to bleed too much."
You see here a scroll labelled YNO BEDDOSTRONE.
You see here 10 gold pieces.
There is a transporter here.
You enter the transporter and appear at another place.
The ogre hits you with the +8 dire flail of Action {protect, rC+ Str+4 SInv}!!
Ouch! That really hurt!
* * * LOW HITPOINT WARNING * * *
The ogre hits you with the +8 dire flail of Action {protect, rC+ Str+4 SInv}!!
Ouch! That really hurt!
You die...

..## ##.# #####.##P...P.# ##..
...# ########.##.##P....## ##.
##.# #.....©#.##.##P...P# ## ##.#
#.#..#.#.##.##.PP.P# # ##.#
#..##..#.##.##...#.# # ##.#
#..##..#.##.#.#.#..# ## .#.#
#.#..#W#©..........######. ...#
#©....?#...#.##.......(#.. ...#
#.#..#O#O@##.#####........
########.?##..#.####.###..###.##.
.......#.[##..#.# ##...#.# #.##.
########.#..#.#.# #####.# #.... #
#......#.# #.# ####. # ########.#
#.######. # #### #........ ##
######### §# ### #


You could see 2 ogres and MummyDearest's ghost.

Vanquished Creatures
  An orc wizard (D:4)
  5 adders
  2 worms
  An adder skeleton (D:4)
  A dart slug (D:1)
  A leopard gecko (D:1)
  5 orcs (D:4)
  2 ball pythons
  6 bats
  A giant cockroach (D:1)
  2 goblins (D:1)
  6 hobgoblins
  10 jackals
  3 kobolds
  3 quokkas
  A frilled lizard (D:1)
  3 rats
53 creatures vanquished.

Vanquished Creatures (others)
  4 toadstools (D:3)
4 creatures vanquished.

Grand Total: 57 creatures vanquished

Notes
Turn   | Place    | Note
-------+----------+-------------------------------------------
     0 | D:1      | Zeld the Octopode Gladiator began the quest for the Orb.
     0 | D:1      | Reached XP level 1. HP: 14/14 MP: 1/1
   247 | D:1      | Reached XP level 2. HP: 19/19 MP: 2/2
   581 | D:1      | Reached skill level 4 in Staves
   766 | D:2      | Reached XP level 3. HP: 19/24 MP: 3/3
  1210 | D:2      | Found a glowing silver altar of Zin.
  1502 | D:3      | Reached XP level 4. HP: 28/29 MP: 4/4
  1784 | D:3      | Found a stormy altar of Qazlal.
  1865 | D:3      | Reached skill level 5 in Staves
  2070 | D:3      | Found a transporter.
  2072 | D:3      | Noticed MummyDearest's ghost (amateur HOBe)
  2072 | D:3      | Identified the +8 dire flail of Action {protect, rC+ Str+4
                  | SInv}
  2072 | D:3      | Noticed an ogre
  2074 | D:3      | Found a transporter.
  2077 | D:3      | Noticed an ogre
  2956 | D:4      | Reached XP level 5. HP: 27/34 MP: 5/5
  3103 | D:4      | Found a runed translucent gate.
  3230 | D:4      | Noticed Edmund
  3503 | D:3      | Mangled by an ogre

Illustrated notes

Levels and vault maps discovered:
D:1:      lemuel_arrival_river_ford, layout_basic, minmay_crystal_room
D:2:      layout_rooms, lemuel_coloured_pillars_altar
D:3:      layout_loops_corners, nicolae_qazlal_eye_of_the_storm,
          gammafunk_ghost_smash, minmay_gold_behind_fungi, minmay_misc_feat_iff
D:4:      layout_gridville, biasface_ghost_orc_armoury, serial_co_window_serial,
          co_window_corner_a, co_window_corner_a, co_window_paths_a,
          co_window_paths_a, co_window_paths_a, co_window_paths_b,
          co_window_of_opportunity_a, co_window_of_opportunity_b,
          co_window_broadway_a, co_window_corner_b, co_window_2corner,
          co_window_corner_cb, co_window_2corner, co_window_paths_e,
          glass_columns_a, glass_columns_c, glass_columns_b, uniq_edmund

Skill      XL: |  1  2  3  4 |
---------------+-------------+-----
Staves         | 4 5 |  5.8
Fighting       | |  2.0
Throwing       | |  2.0
Dodging        | |  3.0

Action                   |  1- 3 |  4- 6 || total
-------------------------+-------+-------++-------
Melee: Quarterstaff      |    44 |    54 ||    98
       Constrict         |    12 |    18 ||    30
       Tentacles         |     6 |    12 ||    18
 Stab: Sleeping          |     9 |     5 ||    14
Armor: Skin              |     1 |     1 ||     2
Dodge: Dodged            |    33 |    30 ||    63
